 Dungeon Crawl Stone Soup version 0.19.5 (webtiles) character file.

138 McKennaii the Skirmisher (level 5, 0/42 HPs)
             Began as a Demonspawn Abyssal Knight on Apr 27, 2017.
             Was a Believer of Lugonu.
             Slain by a quokka zombie (2 damage)
             ... on level 3 of the Dungeon.
             The game lasted 00:05:17 (2492 turns).

McKennaii the Skirmisher (DsAK)                     Turns: 2492, Time: 00:05:17

Health: 0/42       AC:  5    Str: 12    XL:     5   Next: 1%
Magic:  7/7        EV: 11    Int: 13    God:    Lugonu [**....]
Gold:   153        SH:  0    Dex: 14    Spells: 0 memorised, 4 levels left

rFire  . . .     SeeInvis .     a - +1 falchion
rCold  . . .     Gourm    .     b - +0 leather armour
rNeg   . . .     Faith    .     (no shield)
rPois  .         Spirit   .     (no helmet)
rElec  .         Reflect  .     (no cloak)
rCorr  .         Harm     .     (no gloves)
MR     .....                    (no boots)
Stlth  +.........               (no amulet)
                                u - ring of fire
                                t - ring of ice

@: about to teleport
A: thin metallic scales 1, powered by death 1
a: Depart the Abyss, Bend Space, Renounce Religion


You were on level 3 of the Dungeon.
You worshipped Lugonu.
Lugonu was pleased with you.
You were not hungry.

You visited 1 branch of the dungeon, and saw 3 of its levels.
You visited the Abyss 1 time.

You collected 153 gold pieces.

Inventory:

Hand Weapons
 a - a +1 falchion (weapon)
Armour
 b - a +0 leather armour (worn)
Jewellery
 t - a ring of ice (left hand)
 u - a ring of fire (right hand)
Wands
 s - a wand of disintegration (9/24)
Scrolls
 d - a scroll of teleportation
 f - a scroll of fog {unknown}
 g - 3 scrolls of identify {unknown}
 o - a scroll of noise {unknown}
 v - a scroll of blinking {unknown}
 w - 2 scrolls of recharging {unknown}
 x - a scroll of random uselessness {unknown}
Potions
 e - 2 potions of invisibility {unknown}
 h - 2 potions of flight {unknown}
 i - a potion of ambrosia {unknown}
 j - 2 potions of curing {unknown}
 k - 2 potions of agility {unknown}
 l - a potion of mutation {unknown}
 m - a potion of haste {unknown}
 n - a potion of degeneration {unknown}
 p - a potion of brilliance {unknown}
 r - a potion of might {unknown}
Comestibles
 c - 2 bread rations
 q - a slice of pizza


   Skills:
 + Level 3.7 Fighting
 + Level 3.3 Long Blades
 + Level 2.5 Armour
 + Level 1.4 Dodging
 + Level 0.8 Stealth
 + Level 2.7 Invocations


You had 4 spell levels left.
You didn't know any spells.

Dungeon Overview and Level Annotations

Branches:
Dungeon (3/15)

Altars:
Ashenzari
Gozag
Hepliaklqana
Qazlal

Annotations:
D:3 1 runed door


Innate Abilities, Weirdness & Mutations

You are partially covered in thin metallic scales. (AC +2)
You regenerate a little health from kills.


Message History

The orc wizard casts a spell at you. You resist with some effort.
The quokka zombie bites you but does no damage.
The orc closely misses you.
You riposte.
You slash the orc!
You kill the orc!
Lugonu accepts your kill.
You have reached level 5!
Something hits you.
The orc priest mumbles some strange prayers to Beogh against you.
Beogh smites you!
* * * LOW HITPOINT WARNING * * *
You hear a shout! x2
Okay, then.
Okay, then.
As you read the scroll labeled DOUJ HYSIRE, it crumbles to dust.
You feel strangely unstable.
It was a scroll of teleportation.
The orc hits you but does no damage. The orc wizard hits you with a dagger.
* * * LOW HITPOINT WARNING * * *
The quokka zombie bites you.
You die...

#.......########.#
#................#
#.................
#...............#.
#.......#########.
###...........#####.
#.."o.........##....
#.Z)######....##....
#.o@# #....##....
#.o.# #....'.....
#...# #....##....
#...# ####.##.###
#...# .##. #...# ##
#...# .....


You could see an orc priest, an orc wizard, an orc and a quokka zombie.

Vanquished Creatures
  Jessica (D:3)
  An adder (D:2)
  An ufetubus (Abyss:1)
  An ooze (D:2)
  2 worms (D:2)
  2 dart slugs
  A leopard gecko (D:3)
  6 orcs
  2 giant cockroaches (D:1)
  9 goblins
  12 hobgoblins
  4 jackals (D:2)
  8 kobolds
  A quokka (D:3)
  11 bats
  4 frilled lizards
  6 rats
72 creatures vanquished.

Notes
Turn   | Place    | Note
-------+----------+-------------------------------------------
     0 | Abyss:1  | McKennaii the Demonspawn Abyssal Knight began the quest for the Orb.
     0 | Abyss:1  | Reached XP level 1. HP: 18/18 MP: 2/2
    89 | Abyss:1  | Found an opulent altar of Gozag.
    97 | Abyss:1  | Noticed a green very ugly thing
    99 | Abyss:1  | Noticed a small abomination
   103 | Abyss:1  | Found an opulent altar of Gozag.
   123 | Abyss:1  | Noticed a thrashing horror
   124 | Abyss:1  | Reached skill level 1 in Dodging
   125 | D:1      | Escaped the Abyss
   284 | D:1      | Gained mutation: You are partially covered in thin metallic scales. (AC +2) [demonic ancestry]
   284 | D:1      | Reached XP level 2. HP: 12/24 MP: 3/3
   340 | D:1      | Reached * piety under Lugonu
   699 | D:1      | Gained mutation: You regenerate a little health from kills. [demonic ancestry]
   699 | D:1      | Reached XP level 3. HP: 25/29 MP: 5/5
  1411 | D:2      | Reached ** piety under Lugonu
  1434 | D:2      | Reached XP level 4. HP: 30/36 MP: 6/6
  1903 | D:2      | Found a hazy altar of Hepliaklqana.
  1903 | D:2      | Found an opulent altar of Gozag.
  1990 | D:3      | Noticed Jessica
  1995 | D:3      | Killed Jessica
  2042 | D:3      | Found a stormy altar of Qazlal.
  2213 | D:3      | Found a shattered altar of Ashenzari.
  2415 | D:3      | Found a runed door.
  2491 | D:3      | Reached XP level 5. HP: 16/42 MP: 7/7
  2492 | D:3      | HP: 2/42 [orc wizard/dagger (2)]
  2492 | D:3      | Slain by a quokka zombie

Skill      XL: |  1  2  3  4 |
---------------+-------------+-----
Dodging        | 1 |  1.4
Long Blades    | 2 3 |  3.3
Armour         | 2 |  2.5
Fighting       | |  3.7
Stealth        | |  0.8
Invocations    | |  2.7

Action                   |  1- 3 |  4- 6 || total
-------------------------+-------+-------++-------
Melee: Falchion          |   138 |    71 ||   209
Invok: Depart the Abyss  |     1 |       ||     1
  Use: Scroll            |       |     1 ||     1
 Stab: Sleeping          |     1 |     1 ||     2
  Eat: Chunk             |     2 |     3 ||     5
Armor: Leather armour    |    58 |    28 ||    86
Dodge: Dodged            |   107 |    57 ||   164
       Rpst.: Falchion   |    29 |    16 ||    45
